 Dungeon Crawl Stone Soup version 0.18.1-47-g9310371 (console) character file.

164 Kloppie the Skirmisher (level 5, -2/48 HPs)
             Began as a Minotaur Berserker on June 20, 2016.
             Was a Believer of Trog.
             Slain by a hobgoblin (3 damage)
             ... on level 2 of the Dungeon.
             The game lasted 00:02:22 (1364 turns).

Kloppie the Skirmisher (Minotaur Berserker)         Turns: 1364, Time: 00:02:22

Health: -2/48      AC:  2    Str: 22    XL:     5   Next: 21%
Magic:  4/4        EV: 12    Int:  4    God:    Trog [**....]
Gold:   37         SH:  0    Dex: 10    Spells: 0 memorised, 4 levels left

rFire  . . .     SeeInvis .     a - +0 falchion
rCold  . . .     Gourm    .     b - +0 animal skin
rNeg   . . .     Faith    .     (no shield)
rPois  .         Spirit   .     (helmet restricted)
rElec  .         Dismiss  .     (no cloak)
rCorr  .         Reflect  .     (no gloves)
SustAt .         Harm     .     (no boots)
MR     .....                    (no amulet)
Stlth  +.........               (no ring)
                                (no ring)

@: exhausted, slowed, very slow, not resistant to hostile enchantments, very
unstealthy
A: retaliatory headbutt, horns 2
a: Berserk, Trog's Hand, Burn Spellbooks, Renounce Religion


You were on level 2 of the Dungeon.
You worshipped Trog.
Trog was pleased with you.
You were hungry.

You visited 1 branch of the dungeon, and saw 2 of its levels.

You collected 37 gold pieces.

Inventory:

Hand Weapons
 a - a +0 falchion (weapon)
Armour
 b - a +0 animal skin (worn)
Wands
 n - a wand of digging (6/24)
Scrolls
 e - 3 scrolls of fear {unknown}
 g - 2 scrolls of teleportation {unknown}
 h - a scroll of noise {unknown}
 j - 2 scrolls of identify {unknown}
 l - a scroll of enchant weapon {unknown}
Potions
 d - a potion of cancellation {unknown}
 f - 2 potions of curing {unknown}
 i - a potion of invisibility {unknown}
Comestibles
 c - a bread ration
 k - a meat ration
 m - 4 chunks of flesh


   Skills:
 + Level 5.0 Fighting
 + Level 5.0 Long Blades
 + Level 4.3 Armour
 - Level 2.1 Dodging


You had 4 spell levels left.
You didn't know any spells.

Dungeon Overview and Level Annotations

Branches:
Dungeon (2/15)

Altars:
Elyvilon


Innate Abilities, Weirdness & Mutations

You reflexively headbutt those who attack you in melee.
You have a pair of horns on your head.


Message History

You kill the hobgoblin!
Trog accepts your kill. The hobgoblin misses you.
You are no longer berserk.
You pass out from exhaustion.
You feel yourself slow down.
You are feeling hungry.
The hobgoblin hits you.
* * * LOW HITPOINT WARNING * * *
The hobgoblin hits you.
* * * LOW HITPOINT WARNING * * *
The hobgoblin hits you.
* * * LOW HITPOINT WARNING * * *
You can move again.
Things that are here:
a halberd; a gnoll corpse You barely miss the hobgoblin.
You headbutt the hobgoblin.
The hobgoblin is lightly wounded.
The hobgoblin hits you.
You die...

##### .# #....# ...#
#....# ...# #....# ...#
#....# ####...###
##....##########.........
................@........
.................g)......
.....)###.....##)........
..................†.#####
#####)###.....#####.#
.......##.....# .%.
.......##.....# ....
.......######## .....
.......# .$..


You could see a hobgoblin.

Vanquished Creatures
  Natasha (thrice) (D:2)
  4 gnolls (D:2)
  An adder (D:2)
  A worm (D:2)
  A dart slug (D:1)
  A ball python (D:1)
  2 giant cockroaches (D:1)
  9 goblins
  4 hobgoblins
  6 bats
  2 giant newts
  4 kobolds
  7 rats
45 creatures vanquished.

Notes
Turn   | Place    | Note
--------------------------------------------------------------
     0 | D:1      | Kloppie the Minotaur Berserker began the quest for the Orb.
     0 | D:1      | Reached XP level 1. HP: 19/19 MP: 0/0
   368 | D:1      | Reached XP level 2. HP: 26/27 MP: 1/1
   572 | D:1      | Reached ** piety under Trog
   834 | D:1      | Reached XP level 3. HP: 33/33 MP: 2/2
   913 | D:2      | Noticed Natasha
   920 | D:2      | Killed Natasha
  1065 | D:2      | Found a white marble altar of Elyvilon.
  1124 | D:2      | Noticed Natasha
  1132 | D:2      | Killed Natasha
  1132 | D:2      | Reached XP level 4. HP: 23/41 MP: 3/3
  1183 | D:2      | Noticed Natasha
  1204 | D:2      | Killed Natasha
  1356 | D:2      | Reached skill level 5 in Fighting
  1356 | D:2      | Reached skill level 5 in Long Blades
  1356 | D:2      | Reached XP level 5. HP: 18/48 MP: 4/4
  1361 | D:2      | HP: 2/48 [hobgoblin (4)]
  1364 | D:2      | Slain by a hobgoblin

Skill      XL: |  1  2  3  4 |
---------------+-------------+-----
Long Blades    | 4 5 |  5.0
Fighting       | 4 5 |  5.0
Armour         | 3 4 |  4.3
Dodging        | |  2.1

Action                   |  1- 3 |  4- 6 || total
-------------------------+-------+-------++-------
Melee: Falchion          |    61 |    22 ||    83
       Headbutt          |     5 |     4 ||     9
Invok: Berserk           |     1 |     3 ||     4
  Eat: Chunk             |     2 |     3 ||     5
Armor: Animal skin       |     8 |     7 ||    15
Dodge: Dodged            |    30 |    22 ||    52
